 Dungeon Crawl Stone Soup version 0.18-a0-1027-g814d7dd (webtiles) character file.

35 tof the Shield-Bearer (level 3, -1/30 HPs)
             Began as a Formicid Fighter on Jan 8, 2016.
             Slain by Sigmund
             ... wielding a +0 scythe
              (4 damage)
             ... on level 2 of the Dungeon.
             The game lasted 00:02:17 (1230 turns).

tof the Shield-Bearer (Formicid Fighter)            Turns: 1230, Time: 00:02:18

Health: -1/30      AC: 11    Str: 20    XL:     3   Next: 52%
Magic:  3/3        EV:  4    Int:  7    God:
Gold:   50         SH:  9    Dex: 11    Spells: 0 memorised, 2 levels left

rFire  . . .     SeeInvis +     a - +0 flail
rCold  . . .     Gourm    .     j - +0 plate armour
rNeg   . . .     Faith    .     c - +0 shield
rPois  .         Spirit   .     (helmet unavailable)
rElec  .         Dismiss  .     (no cloak)
rCorr  .         Reflect  .     (no gloves)
SustAt .         Harm     .     (no boots)
MR     .....                    (no amulet)
Stlth  ..........               (no ring)
                                o - +4 ring of slaying

@: not resistant to hostile enchantments, extremely unstealthy
A: permanent stasis, dig shafts and tunnels, four strong arms, antennae 3
a: Dig, Shaft Self


You were on level 2 of the Dungeon.
You were not hungry.

You visited 1 branch of the dungeon, and saw 2 of its levels.

You collected 50 gold pieces.

Inventory:

Hand Weapons
 a - a +0 flail (weapon)
Armour
 b - a +0 scale mail
 c - a +0 shield (worn)
 j - a +0 plate armour (worn)
Jewellery
 o - a +4 ring of slaying (left hand)
Scrolls
 e - a scroll of amnesia {unknown}
 h - a scroll of remove curse {unknown}
 n - 2 scrolls of enchant weapon {unknown}
 p - a scroll of teleportation {unknown}
Potions
 d - 2 potions of might
 i - a potion of brilliance {unknown}
 k - a potion of lignification {unknown}
 l - a potion of heal wounds {unknown}
 m - a potion of haste {unknown}
 q - a potion of invisibility {unknown}
Comestibles
 f - a bread ration
 g - 3 fruits


   Skills:
 + Level 3.7 Fighting
 + Level 2.3 Maces & Flails
 + Level 3.5 Armour
 + Level 0.8 Dodging
 + Level 4.0 Shields


You had 2 spell levels left.
You didn't know any spells.

Dungeon Overview and Level Annotations

Branches:
Dungeon (2/15)

Altars:

Annotations:
D:2 Sigmund


Innate Abilities, Weirdness & Mutations

You are under a permanent stasis effect.
You can dig through walls and to a lower floor.
Your four strong arms can wield two-handed weapons with a shield.
You have a pair of large antennae on your head (SInv).


Message History

Sigmund hits you but does no damage.
Your shield and plate armour prevent you from hitting Sigmund.
Sigmund is lightly wounded.
Sigmund barely misses you.
You closely miss Sigmund.
Sigmund is lightly wounded.
You closely miss Sigmund.
Sigmund is lightly wounded.
You block Sigmund's attack.
You barely miss Sigmund.
Sigmund is lightly wounded.
Sigmund hits you but does no damage.
Your plate armour prevents you from hitting Sigmund.
Sigmund is lightly wounded.
Sigmund hits you with a scythe!
* * * LOW HITPOINT WARNING * * *
You sock Sigmund!
Sigmund is moderately wounded.
Sigmund hits you with a scythe.
You die...

..####.###########.....#....
#.####### #.....# ..
#.......# #.....# .
#######.# #####.####.
#########.# #.#....
#.........# #######.#....
#.........#.......†...(..
......%...<.#######......
....###.@..........#.....
... #.#@.......#.#..... ..
#.......#. #.##.##. .
###....... #.##..#. .###.##
#.###.#. .# #.# #.# #... .#
# #.# ##.. .. #.####.####..
#....(......>


You could see Sigmund.

Vanquished Creatures
  An adder (D:2)
  2 giant cockroaches
  A goblin (D:1)
  4 hobgoblins (D:1)
  4 kobolds (D:1)
  7 bats (D:1)
  3 giant newts
  3 rats
25 creatures vanquished.

Notes
Turn   | Place    | Note
--------------------------------------------------------------
     0 | D:1      | tof the Formicid Fighter began the quest for the Orb.
     0 | D:1      | Reached XP level 1. HP: 18/18 MP: 1/1
   271 | D:1      | Reached XP level 2. HP: 20/24 MP: 2/2
   992 | D:1      | Reached XP level 3. HP: 29/29 MP: 3/3
  1145 | D:2      | Reached skill level 4 in Shields
  1216 | D:2      | Noticed Sigmund
  1230 | D:2      | Slain by Sigmund

Vault maps used:
D:1:      elethiomel_arrival_infinity_welcomes_careful_drivers, minivault_23
D:2:      lemuel_crystal_altar, minmay_rat_gold_closets, uniq_sigmund

Action                   || total
-------------------------++-------
Melee: Flail             ||    76
  Eat: Chunk             ||     1
